Avalanche vs Penguins

Created - April 21, 2017 at 19:50

Goals
1 2 3 T
Avalanche 5 2 1 8
Penguins 1 2 1 4
Shots
1 2 3 T
Avalanche 11 9 12 32
Penguins 12 10 8 30

1st period

1. Avalanche , Jay Bouwmeester 12 (Paul Stastny 30, Mikkel Boedker 35) at 5:58 (PP)
2. Avalanche , Paul Stastny 18 (Alexander Radulov 23, Mikkel Boedker 36) at 7:37
3. Penguins , Sam Gagner 24 (Max Pacioretty 34, Dion Phaneuf 32) at 8:16 (PP)
4. Avalanche , Paul Stastny 19 (Mikkel Boedker 37, Jack Johnson 30) at 15:00
5. Avalanche , Peter Mueller 1 (Marc Staal 17, Jay Bouwmeester 36) at 18:59
6. Avalanche , Ryan Smyth 8 (Chuck Kobasew 15, Jay Bouwmeester 37) at 19:55

Penalties :
Andrew Cogliano (Pit) for Holding (Minor) at 5:13, Mikkel Boedker (Col) for Tripping (Minor) at 7:42

2nd period

7. Avalanche , David Krejci 14 (Brandon Yip 9) at 8:24
8. Avalanche , Chuck Kobasew 15 (Peter Mueller 3, Marc Staal 18) at 8:59
9. Penguins , Simon Gagné 13 (Dion Phaneuf 33, Steven Stamkos 63) at 14:31
10. Penguins , Brayden Schenn 11 (Andrew Cogliano 33, Josh Tordjman) at 17:07

Penalties :
Brian McGrattan (Pit) for Fighting (Major) at 2:29, Johnny Boychuk (Col) for Fighting (Major) at 2:29, Johnny Boychuk (Col) for instigated a fight (Minor) at 2:29, Johnny Boychuk (Col) for instigated a fight (10 Minutes Misconduct) at 2:29, Mikkel Boedker (Col) for Interference (Minor) at 9:04, Paul Stastny (Col) for High sticking (Minor) at 14:45, Andrew Cogliano (Pit) for Holding (Minor) at 14:49

3rd period

11. Penguins , Max Pacioretty 18 (Simon Gagné 21, Sean Zimmerman 44) at 3:20
12. Avalanche , Brandon Yip 9 (Andrew Ladd 10, David Krejci 19) at 9:05

Penalties :
Andrew Ladd (Col) for Hooking (Minor) at 6:36, Paul Stastny (Col) for Holding (Minor) at 11:33

Goalie Stats

Semyon Varlamov (Col), 26 saves from 30 shots - (0.867), W, 19-20-3, 60:00 minutes
Brian Elliott (Pit), 14 saves from 18 shots - (0.778), 29:54 minutes
Josh Tordjman (Pit), 10 saves from 14 shots - (0.714), L, 5-5-1, 30:06 minutes

Players Stats for Avalanche

Player Name              G  A  P  +/- PIM S  H  SB GA TA FO     MP     PP MP  PK MP  
------------------------------------------------------------------------------------
Alexander Radulov        0  1  1   2  0   4  1  0  0  0  0/1    17:40   0:19   1:33 
Andrei Kostitsyn         0  0  0  -1  0   1  2  0  0  0  0/1    17:55   0:29   1:10 
Andrew Ladd              0  1  1   1  2   1  0  0  0  0  0/0    11:00   0:00   1:45 
Brandon Yip              1  1  2   1  0   3  2  1  0  2  0/0    11:13   0:00   2:28 
Bryan Little             0  0  0  -1  0   3  0  0  1  0  6/21   16:16   0:30   0:00 
Chuck Kobasew            1  1  2   2  0   3  2  0  0  0  1/2    14:18   0:00   4:56 
Corey Perry              0  0  0  -1  0   2  1  0  0  0  0/0    16:45   0:29   0:00 
David Krejci             1  1  2   1  0   1  1  0  2  0  1/1     9:16   0:00   0:20 
Jack Johnson             0  1  1   1  0   2  2  4  3  3  0/0    23:37   0:00   5:12 
Jay Bouwmeester          1  2  3   2  0   2  4  0  1  2  0/0    18:12   0:46   0:00 
Johnny Boychuk           0  0  0   0  17  0  0  1  1  0  0/0    14:18   0:45   1:43 
Marc Staal               0  2  2   1  0   0  1  1  0  2  0/0    24:11   0:03   5:12 
Mikkel Boedker           0  3  3   2  4   4  2  0  1  0  0/0    16:01   0:20   0:00 
Paul Stastny             2  1  3   2  4   3  1  0  0  0  14/24  15:34   0:20   0:00 
Pernell Karl Subban      0  0  0   2  0   0  1  0  0  1  0/0    20:51   0:03   1:39 
Peter Mueller            1  1  2   2  0   1  0  0  0  1  2/3     9:10   0:00   0:00 
Ryan Smyth               1  0  1   2  0   2  1  0  0  0  6/10   14:18   0:00   4:56 
Shane O'Brien            0  0  0   2  0   0  1  2  0  0  0/0    18:50   0:01   3:22 

Players Stats for Penguins

Player Name              G  A  P  +/- PIM S  H  SB GA TA FO     MP     PP MP  PK MP  
------------------------------------------------------------------------------------
Andrew Cogliano          0  1  1  -2  4   2  2  0  0  0  0/3    21:41   4:33   0:00 
Bobby Ryan               0  0  0  -2  0   3  2  0  1  0  2/2    22:53   4:34   0:19 
Brayden Schenn           1  0  1  -3  0   1  1  0  0  0  1/2     8:18   0:00   0:30 
Brian McGrattan          0  0  0   0  5   0  3  0  1  1  0/0    10:22   0:00   0:00 
Derek Joslin             0  0  0   0  0   1  0  1  0  2  0/0    11:21   0:00   0:00 
Dion Phaneuf             0  2  2  -3  0   2  3  2  2  0  0/0    28:29   4:51   0:45 
Duncan Keith             0  0  0  -1  0   0  0  0  0  3  0/0    20:10   3:43   0:04 
Josef Vasicek            0  0  0   0  0   1  1  0  2  0  2/6    11:49   0:00   0:19 
Luke Schenn              0  0  0  -1  0   1  1  1  2  1  0/0    20:10   3:43   0:04 
Max Pacioretty           1  1  2   1  0   5  4  0  0  0  2/2    17:32   4:00   0:00 
Nathan Horton            0  0  0   1  0   1  1  1  1  0  1/2    18:26   4:00   0:30 
Nikita Alexeev           0  0  0  -3  0   0  0  0  1  0  0/0     7:22   0:00   0:00 
Paul Ranger              0  0  0   0  0   2  0  0  0  0  0/0    11:21   0:00   0:00 
Sam Gagner               1  0  1   1  0   7  2  0  0  0  5/9    17:48   4:00   0:00 
Sean Zimmerman           0  1  1  -3  0   1  3  2  0  0  0/0    28:29   4:51   0:45 
Simon Gagné              1  1  2   0  0   2  1  0  0  0  0/0    11:07   0:00   0:00 
Steve Sullivan           0  0  0  -3  0   0  0  0  0  1  0/0     7:22   0:00   0:00 
Steven Stamkos           0  1  1  -2  0   1  3  0  1  1  20/37  22:33   4:34   0:00 

3 Stars

1 - Jay Bouwmeester (Col)
2 - Paul Stastny (Col)
3 - Max Pacioretty (Pit)

Power Play

Avalanche - 1 on 2 Attempt(s) - 50.00%
Penguins - 1 on 6 Attempt(s) - 16.67%

Penalty Kill

Avalanche - 5 on 6 Attempt(s) - 83.33% - Score 0 goal in Penalty Kill
Penguins - 1 on 2 Attempt(s) - 50.00% - Score 0 goal in Penalty Kill

Team Stat

Avalanche - Hits : 22 - Faceoff Wins : 30 - Blocked Shots : 9 - Penalty Minutes : 27
Penguins - Hits : 27 - Faceoff Wins : 33 - Blocked Shots : 7 - Penalty Minutes : 9

Official

Referees : StPierre Justin and Pollock Kevin
Linesman : Andy McElman and Derek Amell

Game Notes

Josh Tordjman enters game at 18:59 of 1st period
Brian McGrattan beats up Johnny Boychuk at 2:29 of 2nd period
Brian Elliott enters game at 9:05 of 3rd period

Finance

Level 1 -- Attendance: 6000 (100.00%) -- Ticket Income $462,000
Level 2 -- Attendance: 5000 (100.00%) -- Ticket Income $225,000
Level 3 -- Attendance: 2000 (100.00%) -- Ticket Income $56,000
Level 4 -- Attendance: 4000 (100.00%) -- Ticket Income $80,000
Luxury Box -- Attendance: 923 (92.30%) -- Ticket Income $147,680
Game was played at the Igloo.
Total Attendance: 17923 (99.57%)
Total Ticket Income: $970,680
Other Income: $145,602
Total Income: $1,116,282

Avalanche

5 vs 5 Forward 
   Center                   Left Wing                Right Wing               Time % Phy DF OF 
 1 Bryan Little             Andrei Kostitsyn         Corey Perry              35     1   2  2  
 2 Paul Stastny             Mikkel Boedker           Alexander Radulov        35     1   2  2  
 3 David Krejci             Andrew Ladd              Brandon Yip              15     1   2  2  
 4 Peter Mueller            Ryan Smyth               Chuck Kobasew            15     1   2  2  

5 vs 5 Defense 
   Defense                  Defense                                           Time % Phy DF OF 
 1 Jack Johnson             Pernell Karl Subban                               35     1   2  2  
 2 Marc Staal               Jay Bouwmeester                                   35     1   2  2  
 3 Johnny Boychuk           Shane O'Brien                                     30     1   2  2  
 4 Jack Johnson             Marc Staal                                        0      1   2  2  

PowerPlay Forward 
   Center                   Left Wing                Right Wing               Time % Phy DF OF 
 1 Bryan Little             Andrei Kostitsyn         Corey Perry              60     1   2  2  
 2 Paul Stastny             Mikkel Boedker           Alexander Radulov        40     1   2  2  

PowerPlay Defense
   Defense                  Defense                                           Time % Phy DF OF 
 1 Jack Johnson             Jay Bouwmeester                                   60     1   2  2  
 2 Pernell Karl Subban      Marc Staal                                        40     1   2  2  

Penalty Kill 4 Players Forward 
   Center                   Wing                     Time % Phy DF OF 
 1 Ryan Smyth               Chuck Kobasew            60     1   2  2  
 2 Brandon Yip              Andrew Ladd              40     1   2  2  

Penalty Kill 4 Players Defense
   Defense                  Defense                  Time % Phy DF OF 
 1 Jack Johnson             Marc Staal               60     1   2  2  
 2 Shane O'Brien            Johnny Boychuk           40     1   2  2  

Penalty Kill - 3 Players Forward 
   Forward                                           Time % Phy DF OF 
 1 Corey Perry                                       60     1   2  2  
 2 Andrei Kostitsyn                                  40     1   2  2  

Penalty Kill - 3 Players Defense
   Defense                  Defense                  Time % Phy DF OF 
 1 Jack Johnson             Marc Staal               60     1   2  2  
 2 Shane O'Brien            Pernell Karl Subban      40     1   2  2  

4 vs 4 Forward 
   Center                   Wing                     Time % Phy DF OF 
 1 Corey Perry              Andrei Kostitsyn         60     1   2  2  
 2 Bryan Little             Mikkel Boedker           40     1   2  2  

4 vs 4 Defense
   Defense                  Defense                  Time % Phy DF OF 
 1 Jack Johnson             Marc Staal               60     1   2  2  
 2 Shane O'Brien            Jay Bouwmeester          40     1   2  2  

Last Minutes Offensive
   Center                   Left Wing                Right Wing               Defense                  Defense                  
   Bryan Little             Andrei Kostitsyn         Corey Perry              Jack Johnson             Jay Bouwmeester          

Last Minutes Defensive
   Center                   Left Wing                Right Wing               Defense                  Defense                  
   Bryan Little             Andrew Ladd              Chuck Kobasew            Jack Johnson             Marc Staal               

Goaltenders
Starting : Semyon Varlamov          
Backup : Dan Ellis                

Extra Forwards
Normal : Andrew Ladd, Paul Stastny, Alexander Radulov - PP : Andrew Ladd, Paul Stastny - PK : Alexander Radulov
Extra Defensemen
Normal : Johnny Boychuk, Pernell Karl Subban, Shane O'Brien - PP : Johnny Boychuk - PK : Pernell Karl Subban, Shane O'Brien
Penalty Shots
Corey Perry, Andrei Kostitsyn, Bryan Little, Mikkel Boedker, Andrew Ladd

Scratches
None

Penguins

5 vs 5 Forward 
   Center                   Left Wing                Right Wing               Time % Phy DF OF 
 1 Steven Stamkos           Andrew Cogliano          Bobby Ryan               40     0   2  3  
 2 Sam Gagner               Max Pacioretty           Nathan Horton            30     0   2  3  
 3 Josef Vasicek            Simon Gagné              Brian McGrattan          20     0   2  3  
 4 Brayden Schenn           Steve Sullivan           Nikita Alexeev           10     0   2  3  

5 vs 5 Defense 
   Defense                  Defense                                           Time % Phy DF OF 
 1 Sean Zimmerman           Dion Phaneuf                                      45     1   2  2  
 2 Luke Schenn              Duncan Keith                                      33     1   2  2  
 3 Paul Ranger              Derek Joslin                                      22     1   2  2  
 4 Luke Schenn              Duncan Keith                                      0      1   2  2  

PowerPlay Forward 
   Center                   Left Wing                Right Wing               Time % Phy DF OF 
 1 Steven Stamkos           Andrew Cogliano          Bobby Ryan               60     0   1  4  
 2 Sam Gagner               Max Pacioretty           Nathan Horton            40     0   1  4  

PowerPlay Defense
   Defense                  Defense                                           Time % Phy DF OF 
 1 Sean Zimmerman           Dion Phaneuf                                      60     0   2  3  
 2 Luke Schenn              Duncan Keith                                      40     0   2  3  

Penalty Kill 4 Players Forward 
   Center                   Wing                     Time % Phy DF OF 
 1 Brayden Schenn           Nathan Horton            60     0   4  1  
 2 Josef Vasicek            Bobby Ryan               40     0   4  1  

Penalty Kill 4 Players Defense
   Defense                  Defense                  Time % Phy DF OF 
 1 Sean Zimmerman           Dion Phaneuf             60     1   4  0  
 2 Luke Schenn              Duncan Keith             40     1   4  0  

Penalty Kill - 3 Players Forward 
   Forward                                           Time % Phy DF OF 
 1 Nathan Horton                                     60     0   4  1  
 2 Bobby Ryan                                        40     0   4  1  

Penalty Kill - 3 Players Defense
   Defense                  Defense                  Time % Phy DF OF 
 1 Sean Zimmerman           Dion Phaneuf             60     1   4  0  
 2 Luke Schenn              Duncan Keith             40     1   4  0  

4 vs 4 Forward 
   Center                   Wing                     Time % Phy DF OF 
 1 Steven Stamkos           Bobby Ryan               60     0   2  3  
 2 Sam Gagner               Nathan Horton            40     0   2  3  

4 vs 4 Defense
   Defense                  Defense                  Time % Phy DF OF 
 1 Sean Zimmerman           Dion Phaneuf             60     1   2  2  
 2 Luke Schenn              Duncan Keith             40     1   2  2  

Last Minutes Offensive
   Center                   Left Wing                Right Wing               Defense                  Defense                  
   Steven Stamkos           Andrew Cogliano          Bobby Ryan               Sean Zimmerman           Dion Phaneuf             

Last Minutes Defensive
   Center                   Left Wing                Right Wing               Defense                  Defense                  
   Brayden Schenn           Andrew Cogliano          Nathan Horton            Sean Zimmerman           Dion Phaneuf             

Goaltenders
Starting : Brian Elliott            
Backup : Josh Tordjman            

Extra Forwards
Normal : Steven Stamkos, Sam Gagner, Josef Vasicek - PP : Steven Stamkos, Sam Gagner - PK : Simon Gagné
Extra Defensemen
Normal : Sean Zimmerman, Duncan Keith, Paul Ranger - PP : Paul Ranger - PK : Sean Zimmerman, Luke Schenn
Penalty Shots
Max Pacioretty, Bobby Ryan, Nathan Horton, Steven Stamkos, Andrew Cogliano

Scratches
Cory Sarich (Healthy), Oleg Kvasha (Healthy)

% Time on Ice - Avalanche

Lines # - Real PCT - Wanted PCT - Time Play
Normal Forward
1 - 32% - 35% - 15:31
2 - 31% - 35% - 15:16
3 - 18% - 15% - 8:45
4 - 19% - 15% - 9:10
Normal Defense
1 - 33% - 35% - 16:15
2 - 33% - 35% - 16:02
3 - 29% - 30% - 14:15
4 - 4% - 0% - 2:10
PP Forward
1 - 59% - 60% - 0:29
2 - 41% - 40% - 0:20
PP Defense
1 - 92% - 60% - 0:45
2 - 8% - 40% - 0:04
PK Forward
1 - 71% - 60% - 6:06
2 - 29% - 40% - 2:28
PK Defense
1 - 61% - 60% - 5:12
2 - 39% - 40% - 3:22
PK3 Forward
1 - 0% - 60%
2 - 0% - 40%
PK3 Defense
1 - 0% - 60%
2 - 0% - 40%
44 Forward
1 - 77% - 60% - 1:28
2 - 23% - 40% - 0:27
44 Defense
1 - 48% - 60% - 0:55
2 - 52% - 40% - 1:00
Last Minute Offensive  - 0:00
Last Minute Defensive  - 0:00
Total
Forward - 60:00
Defense - 60:00

% Time on Ice - Penguins

Lines # - Real PCT - Wanted PCT - Time Play
Normal Forward
1 - 35% - 40% - 17:09
2 - 27% - 30% - 13:04
3 - 23% - 20% - 11:07
4 - 15% - 10% - 7:22
Normal Defense
1 - 45% - 45% - 21:47
2 - 31% - 33% - 14:54
3 - 23% - 22% - 11:21
4 - 1% - 0% - 0:40
PP Forward
1 - 53% - 60% - 4:34
2 - 47% - 40% - 4:00
PP Defense
1 - 57% - 60% - 4:51
2 - 43% - 40% - 3:43
PK Forward
1 - 61% - 60% - 0:30
2 - 39% - 40% - 0:19
PK Defense
1 - 92% - 60% - 0:45
2 - 8% - 40% - 0:04
PK3 Forward
1 - 0% - 60%
2 - 0% - 40%
PK3 Defense
1 - 0% - 60%
2 - 0% - 40%
44 Forward
1 - 77% - 60% - 1:28
2 - 23% - 40% - 0:27
44 Defense
1 - 57% - 60% - 1:06
2 - 43% - 40% - 0:49
Last Minute Offensive  - 0:00
Last Minute Defensive  - 0:00
Total
Forward - 60:00
Defense - 60:00

Play by Play

1st period


0:01 of 1st period - Steven Stamkos wins face-off versus Bryan Little in neutral zone.
0:53 of 1st period - Simon Gagné is hit by Pernell Karl Subban and loses puck.
1:15 of 1st period - Duncan Keith is hit by Chuck Kobasew and loses puck.
1:36 of 1st period - Snap shot by Bryan Little.
1:36 of 1st period - Shot Blocked by Nathan Horton.
1:38 of 1st period - Slapshot by Jack Johnson.
1:38 of 1st period - Deflect By Corey Perry.
1:38 of 1st period - Shot Misses the Net.
1:38 of 1st period - Puck is out of play.
1:39 of 1st period - Paul Stastny wins face-off versus Steven Stamkos in Penguins zone.
1:48 of 1st period - Snap shot by Alexander Radulov.
1:48 of 1st period - Shot Misses the Net.
1:54 of 1st period - Wrist shot by Mikkel Boedker.
1:54 of 1st period - Stopped by Brian Elliott without a rebound.
1:55 of 1st period - Sam Gagner wins face-off versus Bryan Little in Penguins zone.
2:04 of 1st period - Johnny Boychuk is hit by Max Pacioretty and loses puck.
2:21 of 1st period - Bobby Ryan is hit by Mikkel Boedker.
2:31 of 1st period - Snap shot by Steven Stamkos.
2:31 of 1st period - Shot Blocked by Shane O'Brien.
2:49 of 1st period - Snap shot by Chuck Kobasew.
2:49 of 1st period - Shot Misses the Net.
3:05 of 1st period - Snap shot by Simon Gagné.
3:05 of 1st period - Shot Misses the Net.
3:31 of 1st period - Snap shot by Max Pacioretty.
3:31 of 1st period - Shot Misses the Net.
3:33 of 1st period - Snap shot by Max Pacioretty.
3:33 of 1st period - Deflect By Sam Gagner.
3:33 of 1st period - Stopped by Semyon Varlamov without a rebound.
3:34 of 1st period - Steven Stamkos wins face-off versus Paul Stastny in Avalanche zone.
3:35 of 1st period - Wrist shot by Bobby Ryan.
3:35 of 1st period - Deflect By Andrew Cogliano.
3:35 of 1st period - Stopped by Semyon Varlamov with a rebound.
4:01 of 1st period - Nathan Horton is hit by Andrei Kostitsyn and loses puck.
4:53 of 1st period - David Krejci is hit by Brayden Schenn and loses puck.
5:13 of 1st period - Minor Penalty to Andrew Cogliano for Holding.
5:14 of 1st period - Brayden Schenn wins face-off versus Bryan Little in Penguins zone.
5:54 of 1st period - Snap shot by Paul Stastny.
5:54 of 1st period - Shot Misses the Net.
5:56 of 1st period - Wrist shot by Paul Stastny.
5:56 of 1st period - Stopped by Brian Elliott with a rebound.
5:58 of 1st period - Slapshot by Jay Bouwmeester.
5:58 of 1st period - Goal by Jay Bouwmeester - Avalanche : 1 - Penguins : 0.
5:59 of 1st period - Paul Stastny wins face-off versus Steven Stamkos in neutral zone.
6:27 of 1st period - Snap shot by Max Pacioretty.
6:27 of 1st period - Stopped by Semyon Varlamov with a rebound.
6:29 of 1st period - Wrist shot by Nathan Horton.
6:29 of 1st period - Stopped by Semyon Varlamov without a rebound.
6:30 of 1st period - Bryan Little wins face-off versus Sam Gagner in Avalanche zone.
6:40 of 1st period - Wrist shot by Nathan Horton.
6:40 of 1st period - Shot Blocked by Johnny Boychuk.
6:42 of 1st period - Slapshot by Sean Zimmerman.
6:42 of 1st period - Stopped by Semyon Varlamov with a rebound.
6:46 of 1st period - Snap shot by Sam Gagner.
6:46 of 1st period - Stopped by Semyon Varlamov with a rebound.
6:54 of 1st period - Wrist shot by Sam Gagner.
6:54 of 1st period - Stopped by Semyon Varlamov with a rebound.
7:12 of 1st period - Snap shot by Sam Gagner.
7:12 of 1st period - Shot Misses the Net.
7:14 of 1st period - Snap shot by Derek Joslin.
7:14 of 1st period - Stopped by Semyon Varlamov with a rebound.
7:24 of 1st period - Snap shot by Max Pacioretty.
7:24 of 1st period - Stopped by Semyon Varlamov without a rebound.
7:25 of 1st period - Paul Stastny wins face-off versus Andrew Cogliano in Avalanche zone.
7:35 of 1st period - Wrist shot by Paul Stastny.
7:35 of 1st period - Shot Misses the Net.
7:37 of 1st period - Slapshot by Paul Stastny.
7:37 of 1st period - Goal by Paul Stastny - Avalanche : 2 - Penguins : 0.
7:38 of 1st period - Steven Stamkos wins face-off versus Paul Stastny in neutral zone.
7:42 of 1st period - Minor Penalty to Mikkel Boedker for Tripping.
7:43 of 1st period - Steven Stamkos wins face-off versus Ryan Smyth in Avalanche zone.
8:16 of 1st period - Slapshot by Sam Gagner.
8:16 of 1st period - Goal by Sam Gagner - Avalanche : 2 - Penguins : 1.
8:17 of 1st period - Paul Stastny wins face-off versus Steven Stamkos in neutral zone.
8:44 of 1st period - Ryan Smyth is hit by Brian McGrattan and loses puck.
8:53 of 1st period - Snap shot by Jay Bouwmeester.
8:53 of 1st period - Shot Misses the Net.
9:11 of 1st period - Shane O'Brien is hit by Luke Schenn and loses puck.
9:54 of 1st period - Wrist shot by Brayden Schenn.
9:54 of 1st period - Shot Misses the Net.
9:56 of 1st period - Wrist shot by Bobby Ryan.
9:56 of 1st period - Stopped by Semyon Varlamov without a rebound.
9:57 of 1st period - Steven Stamkos wins face-off versus Paul Stastny in Avalanche zone.
10:10 of 1st period - Slapshot by Alexander Radulov.
10:10 of 1st period - Stopped by Brian Elliott without a rebound.
10:11 of 1st period - Paul Stastny wins face-off versus Steven Stamkos in Penguins zone.
10:28 of 1st period - Wrist shot by Mikkel Boedker.
10:28 of 1st period - Deflect By Paul Stastny.
10:28 of 1st period - Shot Misses the Net.
10:28 of 1st period - Puck is out of play.
10:29 of 1st period - Josef Vasicek wins face-off versus Bryan Little in Penguins zone.
10:56 of 1st period - Paul Stastny is hit by Andrew Cogliano and loses puck.
11:25 of 1st period - Snap shot by Nathan Horton.
11:25 of 1st period - Shot Misses the Net.
13:07 of 1st period - Andrei Kostitsyn is hit by Dion Phaneuf and loses puck.
14:00 of 1st period - Slapshot by Peter Mueller.
14:00 of 1st period - Deflect By Ryan Smyth.
14:00 of 1st period - Shot Misses the Net.
14:00 of 1st period - Puck is out of play.
14:01 of 1st period - Chuck Kobasew wins face-off versus Steven Stamkos in Penguins zone.
14:40 of 1st period - Snap shot by Andrei Kostitsyn.
14:40 of 1st period - Stopped by Brian Elliott with a rebound.
14:42 of 1st period - Snap shot by Corey Perry.
14:42 of 1st period - Shot Misses the Net.
15:00 of 1st period - Snap shot by Paul Stastny.
15:00 of 1st period - Goal by Paul Stastny - Avalanche : 3 - Penguins : 1.
15:01 of 1st period - Steven Stamkos wins face-off versus Paul Stastny in neutral zone.
15:29 of 1st period - Snap shot by Corey Perry.
15:29 of 1st period - Stopped by Brian Elliott without a rebound.
15:30 of 1st period - Max Pacioretty wins face-off versus Bryan Little in Penguins zone.
15:30 of 1st period - Max Pacioretty is hit by Jay Bouwmeester.
15:57 of 1st period - Paul Stastny is hit by Steven Stamkos and loses puck.
16:42 of 1st period - Slapshot by David Krejci.
16:42 of 1st period - Shot Blocked by Sean Zimmerman.
17:42 of 1st period - Snap shot by Duncan Keith.
17:42 of 1st period - Shot Blocked by Brandon Yip.
17:44 of 1st period - Snap shot by Brian McGrattan.
17:44 of 1st period - Shot Misses the Net.
17:46 of 1st period - Snap shot by Luke Schenn.
17:46 of 1st period - Deflect By Simon Gagné.
17:46 of 1st period - Stopped by Semyon Varlamov without a rebound.
17:47 of 1st period - Bryan Little wins face-off versus Josef Vasicek in Avalanche zone.
17:58 of 1st period - Snap shot by Bryan Little.
17:58 of 1st period - Stopped by Brian Elliott with a rebound.
18:00 of 1st period - Snap shot by Bryan Little.
18:00 of 1st period - Shot Misses the Net.
18:02 of 1st period - Slapshot by Pernell Karl Subban.
18:02 of 1st period - Shot Misses the Net.
18:04 of 1st period - Wrist shot by Bryan Little.
18:04 of 1st period - Shot Blocked by Sean Zimmerman.
18:59 of 1st period - Wrist shot by Peter Mueller.
18:59 of 1st period - Goal by Peter Mueller - Avalanche : 4 - Penguins : 1.
18:59 of 1st period - Josh Tordjman enters game.
19:00 of 1st period - Bryan Little wins face-off versus Steven Stamkos in neutral zone.
19:05 of 1st period - Snap shot by Corey Perry.
19:05 of 1st period - Shot Blocked by Luke Schenn.
19:07 of 1st period - Wrist shot by Corey Perry.
19:07 of 1st period - Shot Misses the Net.
19:09 of 1st period - Wrist shot by Marc Staal.
19:09 of 1st period - Shot Misses the Net.
19:27 of 1st period - Marc Staal is hit by Sam Gagner and loses puck.
19:53 of 1st period - Wrist shot by Chuck Kobasew.
19:53 of 1st period - Shot Blocked by Derek Joslin.
19:55 of 1st period - Wrist shot by Ryan Smyth.
19:55 of 1st period - Goal by Ryan Smyth - Avalanche : 5 - Penguins : 1.
19:56 of 1st period - Steven Stamkos wins face-off versus Bryan Little in neutral zone.
Goals for this period are 5 for Avalanche vs 1 for Penguins.
Shots for this period are 11 for Avalanche vs 12 for Penguins.

2nd period


0:01 of 2nd period - Bryan Little wins face-off versus Steven Stamkos in neutral zone.
0:29 of 2nd period - Mikkel Boedker is hit by Max Pacioretty and loses puck.
1:18 of 2nd period - Slapshot by Brandon Yip.
1:18 of 2nd period - Stopped by Josh Tordjman with a rebound.
1:20 of 2nd period - Slapshot by Jack Johnson.
1:20 of 2nd period - Shot Misses the Net.
1:22 of 2nd period - Snap shot by Jack Johnson.
1:22 of 2nd period - Shot Misses the Net.
2:00 of 2nd period - Slapshot by Paul Ranger.
2:00 of 2nd period - Stopped by Semyon Varlamov without a rebound.
2:01 of 2nd period - Paul Stastny wins face-off versus Sam Gagner in Avalanche zone.
2:22 of 2nd period - Snap shot by Alexander Radulov.
2:22 of 2nd period - Stopped by Josh Tordjman without a rebound.
2:23 of 2nd period - Josef Vasicek wins face-off versus Bryan Little in Penguins zone.
2:29 of 2nd period - Brian McGrattan beats up Johnny Boychuk.
2:29 of 2nd period - Penalty to Brian McGrattan for Fighting.
2:29 of 2nd period - Penalty to Johnny Boychuk for Fighting.
2:29 of 2nd period - Penalty to Johnny Boychuk for instigated a fight.
2:29 of 2nd period - Penalty to Johnny Boychuk for instigated a fight.
2:30 of 2nd period - Ryan Smyth wins face-off versus Steven Stamkos in Avalanche zone.
2:41 of 2nd period - Snap shot by Sean Zimmerman.
2:41 of 2nd period - Shot Blocked by Marc Staal.
2:55 of 2nd period - Jack Johnson is hit by Dion Phaneuf and loses puck.
3:02 of 2nd period - Wrist shot by Max Pacioretty.
3:02 of 2nd period - Stopped by Semyon Varlamov with a rebound.
3:04 of 2nd period - Snap shot by Dion Phaneuf.
3:04 of 2nd period - Stopped by Semyon Varlamov without a rebound.
3:05 of 2nd period - Ryan Smyth wins face-off versus Steven Stamkos in Avalanche zone.
4:07 of 2nd period - Wrist shot by Sam Gagner.
4:07 of 2nd period - Shot Blocked by Jack Johnson.
4:17 of 2nd period - Ryan Smyth is hit by Sean Zimmerman and loses puck.
4:29 of 2nd period - Penalty to Johnny Boychuk is over, Alexander Radulov is send on ice.
4:34 of 2nd period - Wrist shot by Sam Gagner.
4:34 of 2nd period - Shot Misses the Net.
4:36 of 2nd period - Wrist shot by Max Pacioretty.
4:36 of 2nd period - Shot Misses the Net.
4:38 of 2nd period - Snap shot by Max Pacioretty.
4:38 of 2nd period - Shot Misses the Net.
4:40 of 2nd period - Slapshot by Paul Ranger.
4:40 of 2nd period - Stopped by Semyon Varlamov without a rebound.
4:41 of 2nd period - Steven Stamkos wins face-off versus Bryan Little in Avalanche zone.
4:50 of 2nd period - Jay Bouwmeester is hit by Steven Stamkos.
5:08 of 2nd period - Bobby Ryan is hit by Brandon Yip and loses puck.
5:42 of 2nd period - Slapshot by Paul Ranger.
5:42 of 2nd period - Shot Misses the Net.
5:44 of 2nd period - Wrist shot by Paul Ranger.
5:44 of 2nd period - Deflect By Andrew Cogliano.
5:44 of 2nd period - Shot Misses the Net.
5:44 of 2nd period - Puck is out of play.
5:45 of 2nd period - Paul Stastny wins face-off versus Josef Vasicek in Avalanche zone.
5:45 of 2nd period - Paul Stastny is hit by Josef Vasicek.
6:28 of 2nd period - Slapshot by Bryan Little.
6:28 of 2nd period - Shot Misses the Net.
6:36 of 2nd period - Snap shot by Corey Perry.
6:36 of 2nd period - Stopped by Josh Tordjman with a rebound.
6:38 of 2nd period - Wrist shot by Andrei Kostitsyn.
6:38 of 2nd period - Shot Misses the Net.
7:05 of 2nd period - Sean Zimmerman is hit by Marc Staal and loses puck.
7:12 of 2nd period - Brandon Yip is hit by Max Pacioretty.
8:24 of 2nd period - Snap shot by David Krejci.
8:24 of 2nd period - Goal by David Krejci - Avalanche : 6 - Penguins : 1.
8:25 of 2nd period - Bobby Ryan wins face-off versus Bryan Little in neutral zone.
8:52 of 2nd period - Bobby Ryan is hit by Chuck Kobasew and loses puck.
8:59 of 2nd period - Snap shot by Peter Mueller.
8:59 of 2nd period - Deflect By Chuck Kobasew.
8:59 of 2nd period - Goal by Chuck Kobasew - Avalanche : 7 - Penguins : 1.
9:00 of 2nd period - Sam Gagner wins face-off versus Paul Stastny in neutral zone.
9:04 of 2nd period - Minor Penalty to Mikkel Boedker for Interference.
9:05 of 2nd period - Ryan Smyth wins face-off versus Steven Stamkos in Avalanche zone.
9:39 of 2nd period - Snap shot by Sam Gagner.
9:39 of 2nd period - Stopped by Semyon Varlamov with a rebound.
9:50 of 2nd period - Off-side.
9:51 of 2nd period - Steven Stamkos wins face-off versus Ryan Smyth in neutral zone.
10:53 of 2nd period - Chuck Kobasew is hit by Dion Phaneuf and loses puck.
11:04 of 2nd period - Penalty to Mikkel Boedker is over, Mikkel Boedker is back on ice.
11:09 of 2nd period - Off-side.
11:10 of 2nd period - Paul Stastny wins face-off versus Josef Vasicek in neutral zone.
11:15 of 2nd period - Snap shot by Mikkel Boedker.
11:15 of 2nd period - Stopped by Josh Tordjman without a rebound.
11:16 of 2nd period - Sam Gagner wins face-off versus Bryan Little in Penguins zone.
11:16 of 2nd period - Sam Gagner is hit by Corey Perry.
11:33 of 2nd period - Off-side.
11:34 of 2nd period - Paul Stastny wins face-off versus Steven Stamkos in neutral zone.
11:39 of 2nd period - Wrist shot by Mikkel Boedker.
11:39 of 2nd period - Shot Blocked by Dion Phaneuf.
12:01 of 2nd period - Dion Phaneuf is hit by Andrei Kostitsyn and loses puck.
12:12 of 2nd period - Slapshot by Pernell Karl Subban.
12:12 of 2nd period - Shot Misses the Net.
12:54 of 2nd period - Slapshot by Brandon Yip.
12:54 of 2nd period - Stopped by Josh Tordjman with a rebound.
12:56 of 2nd period - Snap shot by David Krejci.
12:56 of 2nd period - Shot Misses the Net.
12:58 of 2nd period - Wrist shot by Brandon Yip.
12:58 of 2nd period - Deflect By Andrew Ladd.
12:58 of 2nd period - Shot Misses the Net.
12:58 of 2nd period - Puck is out of play.
12:59 of 2nd period - Sam Gagner wins face-off versus Paul Stastny in Penguins zone.
12:59 of 2nd period - Sam Gagner is hit by Mikkel Boedker.
13:36 of 2nd period - Wrist shot by Bobby Ryan.
13:36 of 2nd period - Stopped by Semyon Varlamov without a rebound.
13:37 of 2nd period - Peter Mueller wins face-off versus Sam Gagner in Avalanche zone.
13:51 of 2nd period - Luke Schenn is hit by Jay Bouwmeester and loses puck.
14:02 of 2nd period - Alexander Radulov is hit by Steven Stamkos and loses puck.
14:07 of 2nd period - Snap shot by Steven Stamkos.
14:07 of 2nd period - Shot Misses the Net.
14:31 of 2nd period - Backhand shot by Simon Gagné.
14:31 of 2nd period - Goal by Simon Gagné - Avalanche : 7 - Penguins : 2.
14:32 of 2nd period - Paul Stastny wins face-off versus Steven Stamkos in neutral zone.
14:37 of 2nd period - Andrew Cogliano is hit by Paul Stastny.
14:41 of 2nd period - Slapshot by Dion Phaneuf.
14:41 of 2nd period - Stopped by Semyon Varlamov without a rebound.
14:42 of 2nd period - Paul Stastny wins face-off versus Steven Stamkos in Avalanche zone.
14:42 of 2nd period - Paul Stastny is hit by Andrew Cogliano.
14:45 of 2nd period - Minor Penalty to Paul Stastny for High sticking.
14:46 of 2nd period - Bobby Ryan wins face-off versus Ryan Smyth in Avalanche zone.
14:49 of 2nd period - Minor Penalty to Andrew Cogliano for Holding.
14:50 of 2nd period - Steven Stamkos wins face-off versus Andrei Kostitsyn in Penguins zone.
15:37 of 2nd period - Jay Bouwmeester is hit by Nathan Horton and loses puck.
15:44 of 2nd period - Nathan Horton is hit by Shane O'Brien and loses puck.
16:26 of 2nd period - Josef Vasicek is hit by David Krejci and loses puck.
16:45 of 2nd period - Penalty to Paul Stastny is over, Paul Stastny is back on ice.
16:49 of 2nd period - Penalty to Andrew Cogliano is over, Andrew Cogliano is back on ice.
17:07 of 2nd period - Wrist shot by Brayden Schenn.
17:07 of 2nd period - Goal by Brayden Schenn - Avalanche : 7 - Penguins : 3.
17:08 of 2nd period - Bryan Little wins face-off versus Steven Stamkos in neutral zone.
17:10 of 2nd period - Jack Johnson is hit by Sean Zimmerman and loses puck.
17:23 of 2nd period - Slapshot by Steven Stamkos.
17:23 of 2nd period - Stopped by Semyon Varlamov with a rebound.
17:29 of 2nd period - 10 Minutes Misconduct Penalty to Johnny Boychuk is over.
17:59 of 2nd period - Slapshot by Jack Johnson.
17:59 of 2nd period - Stopped by Josh Tordjman with a rebound.
18:35 of 2nd period - Andrei Kostitsyn is hit by Bobby Ryan and loses puck.
18:55 of 2nd period - Off-side.
18:56 of 2nd period - Paul Stastny wins face-off versus Nathan Horton in neutral zone.
19:05 of 2nd period - Snap shot by Alexander Radulov.
19:05 of 2nd period - Stopped by Josh Tordjman without a rebound.
19:06 of 2nd period - Steven Stamkos wins face-off versus Bryan Little in Penguins zone.
19:15 of 2nd period - Off-side.
19:16 of 2nd period - Steven Stamkos wins face-off versus Bryan Little in neutral zone.
19:25 of 2nd period - Johnny Boychuk is hit by Bobby Ryan and loses puck.
Goals for this period are 2 for Avalanche vs 2 for Penguins.
Shots for this period are 9 for Avalanche vs 10 for Penguins.

3rd period


0:01 of 3rd period - Steven Stamkos wins face-off versus Alexander Radulov in neutral zone.
0:10 of 3rd period - Snap shot by Steven Stamkos.
0:10 of 3rd period - Shot Misses the Net.
0:26 of 3rd period - Mikkel Boedker is hit by Simon Gagné and loses puck.
0:49 of 3rd period - Snap shot by Corey Perry.
0:49 of 3rd period - Shot Hit the Post.
0:55 of 3rd period - Corey Perry is hit by Sam Gagner.
1:30 of 3rd period - Slapshot by Chuck Kobasew.
1:30 of 3rd period - Stopped by Josh Tordjman without a rebound.
1:31 of 3rd period - Steven Stamkos wins face-off versus Chuck Kobasew in Penguins zone.
1:37 of 3rd period - Sean Zimmerman is hit by Ryan Smyth and loses puck.
2:07 of 3rd period - Icing by Johnny Boychuk.
2:08 of 3rd period - Nathan Horton wins face-off versus Peter Mueller in Avalanche zone.
2:11 of 3rd period - Snap shot by Sam Gagner.
2:11 of 3rd period - Stopped by Semyon Varlamov with a rebound.
2:13 of 3rd period - Slapshot by Duncan Keith.
2:13 of 3rd period - Shot Misses the Net.
2:15 of 3rd period - Slapshot by Luke Schenn.
2:15 of 3rd period - Shot Misses the Net.
2:17 of 3rd period - Wrist shot by Max Pacioretty.
2:17 of 3rd period - Shot Blocked by Shane O'Brien.
2:35 of 3rd period - Andrew Cogliano is hit by Alexander Radulov and loses puck.
3:00 of 3rd period - Snap shot by Bryan Little.
3:00 of 3rd period - Stopped by Josh Tordjman with a rebound.
3:02 of 3rd period - Slapshot by Shane O'Brien.
3:02 of 3rd period - Shot Misses the Net.
3:20 of 3rd period - Snap shot by Max Pacioretty.
3:20 of 3rd period - Goal by Max Pacioretty - Avalanche : 7 - Penguins : 4.
3:21 of 3rd period - Steven Stamkos wins face-off versus Paul Stastny in neutral zone.
3:28 of 3rd period - Wrist shot by Mikkel Boedker.
3:28 of 3rd period - Shot Misses the Net.
3:30 of 3rd period - Slapshot by Paul Stastny.
3:30 of 3rd period - Shot Misses the Net.
3:32 of 3rd period - Snap shot by Paul Stastny.
3:32 of 3rd period - Shot Misses the Net.
3:34 of 3rd period - Wrist shot by Alexander Radulov.
3:34 of 3rd period - Stopped by Josh Tordjman without a rebound.
3:35 of 3rd period - Max Pacioretty wins face-off versus Bryan Little in Penguins zone.
3:46 of 3rd period - Bryan Little is hit by Max Pacioretty and loses puck.
4:22 of 3rd period - Simon Gagné is hit by Brandon Yip and loses puck.
4:47 of 3rd period - Slapshot by Chuck Kobasew.
4:47 of 3rd period - Shot Misses the Net.
4:53 of 3rd period - Snap shot by Peter Mueller.
4:53 of 3rd period - Shot Misses the Net.
5:31 of 3rd period - Slapshot by Andrew Cogliano.
5:31 of 3rd period - Stopped by Semyon Varlamov without a rebound.
5:32 of 3rd period - Steven Stamkos wins face-off versus Paul Stastny in Avalanche zone.
6:36 of 3rd period - Minor Penalty to Andrew Ladd for Hooking.
6:37 of 3rd period - Steven Stamkos wins face-off versus Ryan Smyth in Avalanche zone.
6:38 of 3rd period - Wrist shot by Bobby Ryan.
6:38 of 3rd period - Stopped by Semyon Varlamov without a rebound.
6:39 of 3rd period - Ryan Smyth wins face-off versus Steven Stamkos in Avalanche zone.
8:28 of 3rd period - Bobby Ryan is hit by Jack Johnson and loses puck.
8:36 of 3rd period - Penalty to Andrew Ladd is over, Andrew Ladd is back on ice.
9:05 of 3rd period - Snap shot by Brandon Yip.
9:05 of 3rd period - Goal by Brandon Yip - Avalanche : 8 - Penguins : 4.
9:05 of 3rd period - Brian Elliott enters game.
9:06 of 3rd period - Sam Gagner wins face-off versus Paul Stastny in neutral zone.
9:09 of 3rd period - Slapshot by Luke Schenn.
9:09 of 3rd period - Stopped by Semyon Varlamov without a rebound.
9:10 of 3rd period - Paul Stastny wins face-off versus Sam Gagner in Avalanche zone.
9:19 of 3rd period - Wrist shot by Max Pacioretty.
9:19 of 3rd period - Deflect By Alexander Radulov.
9:19 of 3rd period - Stopped by Semyon Varlamov with a rebound.
9:21 of 3rd period - Slapshot by Duncan Keith.
9:21 of 3rd period - Deflect By Sam Gagner.
9:21 of 3rd period - Stopped by Semyon Varlamov without a rebound.
9:22 of 3rd period - Steven Stamkos wins face-off versus Bryan Little in Avalanche zone.
9:27 of 3rd period - Wrist shot by Andrew Cogliano.
9:27 of 3rd period - Deflect By Bobby Ryan.
9:27 of 3rd period - Shot Misses the Net.
9:27 of 3rd period - Puck is out of play.
9:28 of 3rd period - Steven Stamkos wins face-off versus Bryan Little in Avalanche zone.
10:23 of 3rd period - Snap shot by Andrew Ladd.
10:23 of 3rd period - Shot Misses the Net.
10:27 of 3rd period - Snap shot by Andrew Ladd.
10:27 of 3rd period - Stopped by Brian Elliott with a rebound.
10:37 of 3rd period - Steve Sullivan is hit by Jay Bouwmeester and loses puck.
10:48 of 3rd period - Snap shot by Brayden Schenn.
10:48 of 3rd period - Shot Misses the Net.
11:06 of 3rd period - Wrist shot by Steven Stamkos.
11:06 of 3rd period - Shot Blocked by Jack Johnson.
11:08 of 3rd period - Snap shot by Andrew Cogliano.
11:08 of 3rd period - Shot Blocked by Jack Johnson.
11:26 of 3rd period - Slapshot by Max Pacioretty.
11:26 of 3rd period - Deflect By Sam Gagner.
11:26 of 3rd period - Shot Blocked by Jack Johnson.
11:26 of 3rd period - Puck is out of play.
11:27 of 3rd period - Steven Stamkos wins face-off versus Paul Stastny in Avalanche zone.
11:33 of 3rd period - Minor Penalty to Paul Stastny for Holding.
11:34 of 3rd period - Ryan Smyth wins face-off versus Steven Stamkos in Avalanche zone.
11:38 of 3rd period - Slapshot by Jack Johnson.
11:38 of 3rd period - Stopped by Brian Elliott without a rebound.
11:39 of 3rd period - Ryan Smyth wins face-off versus Andrew Cogliano in Penguins zone.
11:40 of 3rd period - Snap shot by Chuck Kobasew.
11:40 of 3rd period - Stopped by Brian Elliott with a rebound.
13:23 of 3rd period - Marc Staal is hit by Sean Zimmerman.
13:33 of 3rd period - Penalty to Paul Stastny is over, Paul Stastny is back on ice.
13:41 of 3rd period - David Krejci is hit by Brian McGrattan and loses puck.
15:29 of 3rd period - Andrew Cogliano is hit by Jay Bouwmeester and loses puck.
15:46 of 3rd period - Wrist shot by Andrew Ladd.
15:46 of 3rd period - Shot Blocked by Dion Phaneuf.
16:08 of 3rd period - Wrist shot by Josef Vasicek.
16:08 of 3rd period - Stopped by Semyon Varlamov without a rebound.
16:09 of 3rd period - Peter Mueller wins face-off versus Josef Vasicek in Avalanche zone.
16:16 of 3rd period - Chuck Kobasew is hit by Brian McGrattan and loses puck.
16:33 of 3rd period - Paul Ranger is hit by Jack Johnson and loses puck.
17:14 of 3rd period - Slapshot by Ryan Smyth.
17:14 of 3rd period - Stopped by Brian Elliott without a rebound.
17:15 of 3rd period - Paul Stastny wins face-off versus Steven Stamkos in Penguins zone.
18:05 of 3rd period - Off-side.
18:06 of 3rd period - David Krejci wins face-off versus Brayden Schenn in neutral zone.
18:35 of 3rd period - Slapshot by Jay Bouwmeester.
18:35 of 3rd period - Deflect By Steven Stamkos.
18:35 of 3rd period - Stopped by Brian Elliott with a rebound.
18:37 of 3rd period - Wrist shot by Bryan Little.
18:37 of 3rd period - Stopped by Brian Elliott without a rebound.
18:38 of 3rd period - Bryan Little wins face-off versus Andrew Cogliano in Penguins zone.
18:43 of 3rd period - Wrist shot by Bryan Little.
18:43 of 3rd period - Shot Misses the Net.
19:19 of 3rd period - Snap shot by Mikkel Boedker.
19:19 of 3rd period - Stopped by Brian Elliott with a rebound.
19:21 of 3rd period - Wrist shot by Mikkel Boedker.
19:21 of 3rd period - Stopped by Brian Elliott with a rebound.
19:56 of 3rd period - Slapshot by Nikita Alexeev.
19:56 of 3rd period - Shot Misses the Net.
Goals for this period are 1 for Avalanche vs 1 for Penguins.
Shots for this period are 12 for Avalanche vs 8 for Penguins.